 Dungeon Crawl Stone Soup version 0.31-a0-210-gccc998df9b (webtiles) character file.

Game seed: 10144584873502037588

3625 qw the Cleaver (level 10, -17/69 HPs)
             Began as a Gargoyle Fighter on June 29, 2023.
             Was a Believer of Okawaru.
             Killed from afar by Erica (22 damage)
             ... with a lance of force
             ... on level 8 of the Dungeon.
             The game lasted 00:02:44 (5820 turns).

qw the Cleaver (Gargoyle Fighter)                   Turns: 5820, Time: 00:02:45

Health: -17/69     AC: 26    Str: 23    XL:     10   Next: 11%
Magic:  13/13      EV:  9    Int: 10    God:    Okawaru [**....]
Gold:   421        SH:  0    Dex: 17    Spells: 9/9 levels left

rFire   . . .        Y - +1 war axe
rCold   + + .        c - +0 buckler
rNeg    + . .        v - +4 chain mail
rPois   inf          i - +0 helmet
rElec   +            (no cloak)
rCorr   +            o - +1 pair of gloves
SInv    .            k - +1 pair of boots "Moecw" {rC+ Will- Regen+ rCorr}
Will    .....        (no amulet) Stlth
                     q - ring of protection from cold
HPRegen 1.11/turn    s - +6 ring of dexterity
MPRegen 0.13/turn

%: no passive effects
@: confused, slowed, very slow
A: sickness immunity, AC +7, negative energy resistance 1, electricity
resistance, torment resistance 1, petrification resistance, thin skeletal
structure 1, sense surroundings 1, robust 1
a: Renounce Religion, Heroism


You were on level 8 of the Dungeon.
You worshipped Okawaru.
Okawaru was pleased with you.
You visited 2 branches of the dungeon, and saw 10 of its levels.

You collected 421 gold pieces.


Innate Abilities, Weirdness & Mutations

You are immune to sickness and miasma.
Your stone body is resilient. (AC +7)
You are immune to poison.
You resist negative energy. (rN+)
You are resistant to electric shocks. (rElec)
You are resistant to unholy torment.
You are immune to petrification.
You have a somewhat thin skeletal structure. (Dex +2, Stealth+)
You passively map a small area around you.
You are robust. (+10% HP)


   Skills:
 - Level 7.6 Fighting
 + Level 9.8 Axes
 - Level 1.3 Throwing
 - Level 5.1 Armour
 - Level 2.0 Dodging
 - Level 4.1 Shields
 - Level 4.9 Invocations


You had 9 spell levels left.
You didn't know any spells.
Your spell library was empty.

Inventory:

Hand Weapons
 m - a +0 flail
 Y - a +1 war axe (weapon)
Missiles
 g - 13 boomerangs (quivered)
Armour
 c - a +0 buckler (worn)
 i - a +0 helmet (worn)
 k - the +1 pair of boots "Moecw" (worn) {rC+ Will- Regen+ rCorr}
   (You acquired it on level 4 of the Dungeon)

   rC:        It protects you from cold.
   Regen:     It increases your rate of health regeneration.
   rCorr:     It protects you from acid and corrosion.
   Will:      It decreases your willpower.
 o - a +1 pair of gloves (worn)
 v - a +4 chain mail (worn)
Jewellery
 q - a ring of protection from cold (left hand)
 s - a +6 ring of dexterity (right hand)
Scrolls
 r - a scroll of identify
Potions
 a - 3 potions of mutation
 b - a potion of lignification
 d - a potion of might
 e - a potion of resistance
 f - a potion of magic
 l - a potion of enlightenment
 n - a potion of haste {unknown}
 p - a potion of attraction {unknown}
 t - a potion of degeneration {unknown}
 u - a potion of cancellation {unknown}

Dungeon Overview and Level Annotations

Branches:
Dungeon (9/15)             Temple (1/1) D:6
   Lair: D:8-11         Orc: D:9-12

Altars:
Ashenzari
Cheibriados
Dithmenos
Elyvilon
Fedhas
Gozag
Hepliaklqana
Kikubaaqudgha
Makhleb
Nemelex Xobeh
Okawaru
Qazlal
Ru
Sif Muna
Trog
Uskayaw
Vehumet
Wu Jian
Xom
Yredelemnul
Zin
The Shining One

Shops:
D:6 [

Annotations:
D:4 1 runed translucent door, qw's ghost, amateur DEHu
D:8 Erica; Prince Ribbit


Message History

Something hits you but does no damage.
Prince Ribbit winks and puckers his lips.
Something hits you! Something burns you. Something hits you.
Something burns you.
Prince Ribbit blinks!
You hear some strange, mumbled words.
A bolt of poison appears from out of thin air!
The bolt of poison hits you but does no damage.
You resist. Something hits you but does no damage.
Prince Ribbit hits you but does no damage.
Something hits you. Something burns you. Prince Ribbit closely misses you.
Prince Ribbit hits you.
You hear some strange, mumbled words.
You feel as though you will be slow longer.
Prince Ribbit blinks!
Something hits you! Something burns you. Something hits you but does no damage.
Prince Ribbit barely misses you. Something hits you but does no damage.
Prince Ribbit blinks!
You feel a little less agile now. Something hits you but does no damage.
Prince Ribbit blinks!
Something hits you but does no damage. Something hits you. Something burns you.
You feel less confused. You block something's attack.
You hear some strange, mumbled words.
You are confused.
Prince Ribbit hits you but does no damage.
Something hits you but does no damage. Prince Ribbit barely misses you.
Prince Ribbit closely misses you. Something hits you but does no damage.
Prince Ribbit hits you but does no damage.
You hear some strange, mumbled words.
You feel as though you will be slow longer.
Prince Ribbit barely misses you. Prince Ribbit hits you!
Something hits you but does no damage.
Prince Ribbit hits you but does no damage.
You hear some strange, mumbled words.
A lance of force appears from out of thin air!
The lance of force hits you!!
You die...

, + * * ,, * * ,
, ** * , , , .,,
, ########... ,
#.......... * *
#..>....... *,,
#.......... ,,
.<.####%F........
* **
......)@#+##.....
, ......){#
.....,, *
,........# ....,
, , ###.....#
,,... * ,,
,,#(....# , ... *
#.....#, , ,,
#.....# , ,
#.....# , , ,,


You could see Prince Ribbit.

Vanquished Creatures
  A two-headed ogre (D:8)
  Psyche (D:8)
  A shadow (D:9)
  5 yaks (D:9)
  Edmund (D:5)
  An orc warrior (D:9)
  A black bear (D:4)
  3 ogres
  An ice beast (D:6)
  3 scorpions
  8 killer bees
  A howler monkey (D:6)
  2 hounds (D:3)
  3 orc priests
  A gnoll bouda (D:4)
  A jelly (D:5)
  3 sleepcaps
  5 iguanas
  5 orc wizards
  6 gnolls
  4 adders
  A white imp (D:6)
  3 ufetubi
  2 worms
  A dart slug (D:5)
  19 orcs
  4 bats
  9 endoplasms
  3 giant cockroaches
  8 goblins
  7 hobgoblins
  3 quokkas
  4 ball pythons
  2 frilled lizards
  7 kobolds
  5 rats
135 creatures vanquished.

Vanquished Creatures (others)
  An orc wizard (D:4)
1 creature vanquished.

Grand Total: 136 creatures vanquished

Notes
Turn   | Place    | Note
-------+----------+-------------------------------------------
     0 | D:1      | qw the Gargoyle Fighter began the quest for the Orb.
     0 | D:1      | Reached XP level 1. HP: 14/14 MP: 1/1
     0 | D:1      | 0 ||| qw: Version: 0.3-a-24-ga2abf7b
     0 | D:1      | 0 ||| qw: Game counter: 6853
     0 | D:1      | 0 ||| qw: Melee chars always use a shield: true
     0 | D:1      | 0 ||| qw: God list: Okawaru
     0 | D:1      | 0 ||| qw: Allow faded altars: false
     0 | D:1      | 0 ||| qw: Do Orc after clearing Dungeon:15 true
     0 | D:1      | 0 ||| qw: Do second Lair branch before Depths: true
     0 | D:1      | 0 ||| qw: Lair rune preference: random
     0 | D:1      | 0 ||| qw: Goals: Normal, Zot:1-4, Slime:5, God:TSO, Crypt,
                  | Tomb, Abyss, Pan, Hells, Win
     0 | D:1      | 0 ||| PLANNING D:1-11
    29 | D:1      | Reached skill level 2 in Axes
    88 | D:1      | Reached XP level 2. HP: 19/19 MP: 2/2
   253 | D:1      | 253 ||| Stepping ~*~*~tactically~*~*~ (stealth).
   302 | D:1      | Found a faded altar of an unknown god.
   325 | D:1      | Reached skill level 3 in Axes
   446 | D:1      | 446 ||| UPGRADING to +0 helmet.
   451 | D:1      | 451 ||| DROPPING +6 ring of intelligence.
   452 | D:1      | 452 ||| READING scroll labelled DUUPHI WOWUIHI.
   453 | D:1      | 453 ||| DRINKING 2 blue potions.
   470 | D:2      | 470 ||| Stepping ~*~*~tactically~*~*~ (stealth).
   471 | D:2      | 471 ||| Stepping ~*~*~tactically~*~*~ (stealth).
   473 | D:2      | 473 ||| Stepping ~*~*~tactically~*~*~ (hiding).
   482 | D:2      | Reached XP level 3. HP: 23/23 MP: 3/3
   649 | D:2      | 649 ||| Stepping ~*~*~tactically~*~*~ (stealth).
   673 | D:2      | 673 ||| Stepping ~*~*~tactically~*~*~ (hiding).
   705 | D:2      | 705 ||| Stepping ~*~*~tactically~*~*~ (stealth).
   753 | D:2      | 753 ||| DROPPING +0 club.
   832 | D:2      | Reached XP level 4. HP: 28/28 MP: 4/4
   900 | D:2      | Reached skill level 4 in Axes
   959 | D:2      | 959 ||| Stepping ~*~*~tactically~*~*~ (hiding).
  1440 | D:2      | 1440 ||| UPGRADING to +0 chain mail.
  1450 | D:2      | 1450 ||| DROPPING +0 scale mail.
  1451 | D:2      | 1451 ||| UPGRADING to +0 pair of gloves.
  1456 | D:2      | 1456 ||| UPGRADING to ring of protection from cold.
  1457 | D:2      | 1457 ||| READING scroll labelled QYAJUA SICWOB.
  1476 | D:2      | 1476 ||| READING scroll labelled ZUIDOE QOASMAM.
  1477 | D:2      | 1477 ||| READING scroll labelled GIXUAGEGIR.
  1478 | D:2      | 1478 ||| DRINKING 2 cyan potions.
  1479 | D:2      | 1479 ||| DRINKING 2 bubbling cyan potions.
  1480 | D:2      | 1480 ||| DROPPING potion of brilliance.
  1726 | D:3      | Found a bloodstained altar of Trog.
  1965 | D:3      | Reached XP level 5. HP: 28/32 MP: 5/5
  2004 | D:3      | Reached skill level 5 in Axes
  2134 | D:3      | 2134 ||| Stepping ~*~*~tactically~*~*~ (hiding).
  2135 | D:3      | 2135 ||| Stepping ~*~*~tactically~*~*~ (hiding).
  2415 | D:3      | 2415 ||| READING scroll labelled NAFA QYCRERITH.
  2416 | D:3      | 2416 ||| DRINKING 2 fizzy golden potions.
  2497 | D:4      | 2497 ||| STAIRDANCE
  2502 | D:3      | Reached XP level 6. HP: 28/39 MP: 6/6
  2573 | D:4      | 2573 ||| FLEEEEING.
  2578 | D:4      | 2578 ||| STAIRDANCE
  2648 | D:4      | Found a runed translucent door.
  2653 | D:4      | 2653 ||| Stepping ~*~*~tactically~*~*~ (hiding).
  2675 | D:4      | Reached skill level 6 in Axes
  2675 | D:4      | Reached XP level 7. HP: 44/44 MP: 7/7
  2721 | D:4      | 2721 ||| Stepping ~*~*~tactically~*~*~ (stealth).
  2722 | D:4      | 2722 ||| Stepping ~*~*~tactically~*~*~ (stealth).
  2729 | D:4      | 2729 ||| Stepping ~*~*~tactically~*~*~ (hiding).
  2743 | D:4      | Reached skill level 1 in Dodging
  3211 | D:4      | 3211 ||| Stepping ~*~*~tactically~*~*~ (stealth).
  3213 | D:4      | 3213 ||| Stepping ~*~*~tactically~*~*~ (stealth).
  3308 | D:4      | Reached skill level 7 in Axes
  3672 | D:4      | Noticed qw's ghost (amateur DEHu)
  3673 | D:4      | 3673 ||| UPGRADING to +6 ring of dexterity.
  3674 | D:4      | 3674 ||| READING scroll labelled VYSYADO WUW.
  3674 | D:4      | Identified a scroll of acquirement
  3674 | D:4      | 3674 ||| ACQUIRING +1 pair of boots "Moecw" {rC+ Will-
                  | Regen+ rCorr}
  3674 | D:4      | Acquired the +1 pair of boots "Moecw" {rC+ Will- Regen+
                  | rCorr}
  3676 | D:4      | 3676 ||| UPGRADING to +1 pair of boots "Moecw" {rC+ Will-
                  | Regen+ rCorr}.
  3681 | D:4      | 3681 ||| DRINKING 2 green potions.
  3681 | D:4      | Gained mutation: You have a somewhat thin skeletal
                  | structure. (Dex +2, Stealth+) [potion of mutation]
  3681 | D:4      | Gained mutation: You passively map a small area around you.
                  | [potion of mutation]
  3681 | D:4      | Gained mutation: You are robust. (+10% HP) [potion of
                  | mutation]
  3684 | D:4      | 3684 ||| DRINKING 2 puce potions.
  3685 | D:4      | 3685 ||| DROPPING potion of invisibility.
  3702 | D:5      | Entered Level 5 of the Dungeon
  3759 | D:5      | Reached XP level 8. HP: 42/53 MP: 8/8
  3805 | D:5      | Reached skill level 1 in Throwing
  4184 | D:5      | Found an ancient bone altar of Kikubaaqudgha.
  4187 | D:5      | Noticed Edmund
  4196 | D:5      | HP: 11/53 [Edmund/+0 dire flail of draining (7)]
  4197 | D:5      | 4197 ||| DRINKING 2 potions of heal wounds.
  4201 | D:5      | Killed Edmund
  4495 | D:5      | 4495 ||| READING scroll labelled IRONALIMEPN.
  4560 | D:6      | Reached skill level 8 in Axes
  4621 | D:6      | Found Opulleng's Armour Emporium.
  4628 | D:6      | 4628 ||| SHOPLISTING +0 plate armour (345 gold, have 274).
  4628 | D:6      | 4628 ||| SHOPLISTING +2 buckler "Dadix" {rF+ rC+ Str+3}
                  | (627 gold, have 274).
  4638 | D:6      | Found a staircase to the Ecumenical Temple.
  4639 | D:6      | 4639 ||| PLANNING TEMPLE
  4655 | Temple   | Entered the Ecumenical Temple
  4701 | Temple   | 4701 ||| PLANNING OKAWARU WORSHIP
  5060 | Temple   | Became a worshipper of Warmaster Okawaru
  5061 | Temple   | 5061 ||| PLANNING D:1-11
  5213 | D:6      | 5213 ||| READING scroll of enchant armour.
  5213 | D:6      | 5213 ||| ENCHANTING +0 pair of gloves.
  5459 | D:6      | 5459 ||| UPGRADING to +4 chain mail.
  5469 | D:6      | 5469 ||| DROPPING +0 chain mail.
  5470 | D:6      | 5470 ||| READING 2 scrolls of identify.
  5470 | D:6      | 5470 ||| IDENTIFYING lumpy pink potion
  5494 | D:7      | You fall into a shaft and drop 2 floors!
  5532 | D:9      | 5532 ||| Stepping ~*~*~tactically~*~*~ (hiding).
  5537 | D:9      | 5537 ||| Stepping ~*~*~tactically~*~*~ (hiding).
  5547 | D:9      | Reached skill level 6 in Fighting
  5587 | D:9      | Reached XP level 9. HP: 58/61 MP: 9/9
  5612 | D:9      | 5612 ||| Stepping ~*~*~tactically~*~*~ (stealth).
  5625 | D:9      | Reached skill level 9 in Axes
  5629 | D:9      | Reached * piety under Okawaru
  5630 | D:9      | 5630 ||| INVOKING Heroism.
  5632 | D:9      | Reached skill level 1 in Invocations
  5733 | D:9      | Reached skill level 3 in Invocations
  5733 | D:9      | 5733 ||| READING scroll labelled VASTUL QEEZ.
  5734 | D:9      | 5734 ||| READING 2 scrolls of identify.
  5734 | D:9      | 5734 ||| IDENTIFYING sedimented amethyst potion
  5744 | D:8      | Noticed a two-headed ogre
  5745 | D:8      | 5745 ||| INVOKING Heroism.
  5752 | D:8      | Noticed Psyche
  5753 | D:8      | Killed a two-headed ogre
  5755 | D:8      | Noticed Erica
  5761 | D:8      | Noticed Prince Ribbit
  5769 | D:8      | Killed Psyche
  5769 | D:8      | Reached ** piety under Okawaru
  5770 | D:8      | Reached XP level 10. HP: 44/69 MP: 11/13
  5777 | D:8      | 5777 ||| INVOKING Heroism.
  5777 | D:8      | HP: 17/69 [something (4)]
  5778 | D:8      | 5778 ||| DRINKING potion of heal wounds.
  5808 | D:8      | HP: 17/69 [something (1)]
  5812 | D:8      | HP: 8/69 [something (1)]
  5819 | D:8      | HP: 3/69 [Prince Ribbit (10)]
  5820 | D:8      | Killed from afar by Erica

Levels and vault maps discovered:
D:1:      lemuel_arrival_behind_the_door_large, layout_rooms,
          ebering_ecumenical_altar_sacrificial
D:2:      layout_loops_ring, nicolae_eternal_life, mrwooster_statue_mirror,
          minmay_indecisive_spiral
D:3:      layout_loops_corners, trog_three_pillars_becter
D:4:      layout_loops_ring, ebering_ghost_reflecting_pool,
          kennysheep_generic_room_14
D:5:      layout_basic, kennysheep_mini_moat, grunt_decor_junction, uniq_edmund
D:6:      layout_basic, minmay_temple_entry_stoned_glass, serial_shops,
          nicolae_stop_n_shop_1, minivault_5
D:7:      layout_gridville, serial_bayou_ford_a, uniq_maggie
D:8:      layout_gridville, due_lair_maze_entry_diamond, uniq_prince_ribbit1,
          uniq_psyche, uniq_maurice, uniq_erica
D:9:      lemuel_ice_statue, layout_basic
Temple:   mainiacjoe_temple_big_plus

Skill      XL: |  1  2  3  4  5  6  7  8  9 |
---------------+----------------------------+-----
Axes           | 2 3 4 5 6 7 8 9 |  9.8
Fighting       | 4 5 6 7 |  7.6
Dodging        | 1 2 |  2.0
Armour         | 4 5 |  5.1
Throwing       | 1 |  1.3
Shields        | 4 |  4.1
Invocations    | 4 |  4.9

Action                     |  1- 3 |  4- 6 |  7- 9 | 10-12 || total
---------------------------+-------+-------+-------+-------++-------
  Melee: War axe           |    74 |    84 |   240 |     8 ||   406
  Throw: Boomerang         |    51 |    45 |    73 |     2 ||   171
 Invoke: Heroism           |       |       |     2 |     1 ||     3
    Use: Scroll            |     1 |     4 |     6 |       ||    11
         Potion            |     1 |     3 |     3 |     1 ||     8
 Armour: Scale mail        |    50 |     2 |       |       ||    52
         Chain mail        |       |    41 |   174 |    34 ||   249
  Dodge: Dodged            |    36 |    33 |   116 |    31 ||   216
  Block: Buckler           |    12 |    23 |    72 |     9 ||   116

Table legend:
 A = Non-vault XP
 B = Vault XP
 C = Vault XP percentage of total XP
 D = Non-vault monster count
 E = Vault monster count
 F = Vault count percentage of total count
                 A         B        C        D         E       F
            +---------+---------+-------+---------+---------+-------
      Total |    4642 |     537 |  10.4 |     129 |       7 |   5.1
            +---------+---------+-------+---------+---------+-------
        D:1 |      31 |       0 |   0.0 |      19 |       0 |   0.0
        D:2 |      98 |       6 |   5.8 |      22 |       4 |  15.4
        D:3 |     217 |       0 |   0.0 |      15 |       0 |   0.0
        D:4 |     789 |       2 |   0.3 |      29 |       1 |   3.3
        D:5 |     354 |     158 |  30.9 |       8 |       1 |  11.1
        D:6 |     394 |       0 |   0.0 |      13 |       0 |   0.0
        D:8 |    1089 |     371 |  25.4 |       6 |       1 |  14.3
        D:9 |    1670 |       0 |   0.0 |      17 |       0 |   0.0
            +---------+---------+-------+---------+---------+-------
